 Dungeon Crawl Stone Soup version 0.30-a0-782-ge64f9170bb (webtiles) character file.

Game seed: 14626678888083308819

1209 DEFE the Covered (level 8, 0/64 HPs)
             Began as a Demonspawn Wanderer on Feb 21, 2023.
             Slain by Grinder (5 damage)
             ... while paralysed by Grinder
             ... on level 4 of the Dungeon.
             The game lasted 00:06:03 (5049 turns).

DEFE the Covered (Demonspawn Wanderer)              Turns: 5049, Time: 00:06:04

Health: 0/64       AC: 15    Str: 19    XL:     8   Next: 22%
Magic:  9/9        EV:  2    Int: 11    God:
Gold:   259        SH:  0    Dex: 14    Spells: 9/9 levels left

rFire   . . .      SeeInvis .    E - +1 mace (venom)
rCold   . . .      Faith    .    (no shield)
rNeg    . . .      Spirit   .    c - +0 chain mail
rPois   .          Reflect  .    (no helmet)
rElec   .          Harm     .    (no cloak)
rCorr   .          Rampage  .    e - +1 pair of gloves {Dex+3}
Will    .....                    l - +0 pair of boots Stlth
                                 (no amulet)
HPRegen 0.30/turn                C - +5 ring of evasion
MPRegen 0.11/turn                (no ring)

@: paralysed
A: molten scales 1, foul stench 2
a: no special abilities


You were on level 4 of the Dungeon.
You visited 1 branch of the dungeon, and saw 5 of its levels.
You also visited: Sewer.

You collected 259 gold pieces.

Inventory:

Hand Weapons
 a - a +0 club
 q - a +1 dagger of draining
 E - a +1 mace of venom (weapon)
Missiles
 i - a throwing net
Armour
 c - a +0 chain mail (worn)
 e - a +1 pair of gloves of dexterity (worn)
 l - a +0 pair of boots (worn)
 A - a +0 troll leather armour {Pargi}
Jewellery
 j - a ring of ice
 C - a +5 ring of evasion (left hand)
Wands
 B - a wand of flame (9)
Scrolls
 b - 3 scrolls of teleportation
 g - a scroll of enchant weapon
 h - 3 scrolls of vulnerability
 n - 2 scrolls of enchant armour
 o - 2 scrolls of fog
 p - a scroll of silence
 t - a scroll of immolation
 y - a scroll of brand weapon {unknown}
 D - a scroll of amnesia
Potions
 d - 2 potions of lignification {unknown}
 f - a potion of heal wounds
 k - a potion of experience {unknown}
 m - a potion of cancellation {unknown}
 r - 3 potions of mutation {unknown}
 u - 2 potions of resistance {unknown}
 v - 5 potions of curing
 w - 2 potions of attraction {unknown}
 x - a potion of degeneration {unknown}
 z - a potion of invisibility {unknown}
 F - a potion of brilliance {unknown}
 G - a potion of flight {unknown}


   Skills:
 + Level 5.9 Fighting
 + Level 0.0 Maces & Flails
 + Level 6.3 Armour
 + Level 5.1 Dodging
 - Level 1.0 Spellcasting
 - Level 2.0 Poison Magic


You had 9 spell levels left.
You didn't know any spells.
Your spell library contained the following spells:

 Spells                   Type           Power      Damage    Failure   Level
 Sting                    Tmut/Pois      8%         1d3       90%         1
 Mephitic Cloud           Conj/Pois/Air  2%         N/A       100%        3


Dungeon Overview and Level Annotations

Branches:
Dungeon (5/15)              Sewer (visited)
 Temple: D:4-7

Altars:
Cheibriados

Shops:
D:3 (

Annotations:
D:4 Grinder; Pikel
D:5 1 runed translucent door, pener's ghost, novice DgAE


Innate Abilities, Weirdness & Mutations

You are partially covered in molten scales. (AC +2)
You sometimes emit foul miasma when damaged in melee.


Message History

MASSIVE DAMAGE!!
You closely miss Grinder.
Grinder looks more healthy.
Grinder gestures at you.
You shrug off the repeated paralysis!
Pikel is engulfed in dark miasma.
Pikel is poisoned.
Pikel hits you with a +0 whip of freezing!
* * * LOW HITPOINT WARNING * * *
Pikel freezes you.
* * * LOW HITPOINT WARNING * * *
The lemure misses you.
Unknown command.
You take 9 damage, and have 17/64 hp.
Unknown command.
Unknown command.
You hit Pikel.
Pikel looks even sicker.
Your punch misses Pikel. Grinder hits you but does no damage.
The lemure hits you!
* * * LOW HITPOINT WARNING * * *
Pikel is engulfed in dark miasma.
Pikel looks as sick as possible!
Pikel hits you with a +0 whip of freezing.
* * * LOW HITPOINT WARNING * * *
Pikel freezes you.
* * * LOW HITPOINT WARNING * * *
The lemure hits you.
* * * LOW HITPOINT WARNING * * *
Grinder hits you but does no damage.
Pikel is engulfed in dark miasma.
Pikel looks as sick as possible!
Pikel hits you but does no damage.
Unknown command.
You take 12 damage, and have 5/64 hp.
Unknown command.
Unknown command.
As you read the scroll of fear, it crumbles to dust.
You assume a fearsome visage.
Grinder resists with some effort.
Pikel looks frightened!
The lemure looks frightened! x4
The lemure shouts!
Grinder says, "At least Makhleb appreciates what I'm doing."
Grinder gestures at you.
You suddenly lose the ability to move!
Pikel is engulfed in dark miasma.
Pikel looks as sick as possible!
Grinder hits you.
You die...

...+......+........#
...#.#....#........+
......#....'....#...
...........#.....####.
...........'..........
............#......## # ...
...#....#.'....# .#
....###.##.#.#.'5...# .###.
..........5.55.○@...###+##.....
........#....#.○...........#
........#.....K............#
.............+.....<..(.>..#
##.(......####.......).....#
####.........##.##........##
.#..........##...##.......#
.#.........##.....##......#
.#.........#.......#......#


You could see Pikel (fleeing, extremely poisoned), Grinder and 3 lemures.

Vanquished Creatures
  Prince Ribbit (D:5)
  Sigmund (D:2)
  Eustachio (D:5)
  Pargi (Sewer)
  An ogre (D:5)
  A phantom (D:5)
  A scorpion (D:5)
  2 hounds (D:5)
  A jelly (D:5)
  3 orc priests
  Ijyb (D:5)
  2 iguanas (D:5)
  An orc wizard (D:3)
  3 adders
  An ufetubus (D:5)
  An adder zombie (D:3)
  5 worms
  4 dart slugs
  11 orcs
  5 ball pythons
  5 bats
  4 endoplasms
  3 giant cockroaches
  4 goblins
  6 hobgoblins
  4 jackals
  3 kobolds
  A quokka (D:2)
  A ball python zombie (D:3)
  9 frilled lizards
  9 rats
96 creatures vanquished.

Vanquished Creatures (others)
  A bush (D:3)
1 creature vanquished.

Grand Total: 97 creatures vanquished

Notes
Turn   | Place    | Note
-------+----------+-------------------------------------------
     0 | D:1      | DEFE the Demonspawn Wanderer began the quest for the Orb.
     0 | D:1      | DEFE set off with the following items: a +0 club, 2 scrolls
                  | of teleportation, a +0 chain mail; and the following spell
                  | memorised: Sting; and the following spells available to
                  | memorise: Mephitic Cloud.
     0 | D:1      | Reached XP level 1. HP: 16/16 MP: 2/2
   227 | D:1      | Gained mutation: You are partially covered in molten
                  | scales. (AC +2) [demonic ancestry]
   227 | D:1      | Reached XP level 2. HP: 20/22 MP: 3/3
   859 | D:2      | Reached skill level 4 in Armour
   859 | D:2      | Gained mutation: You may rarely emit foul miasma when
                  | damaged in melee. [demonic ancestry]
   859 | D:2      | Reached XP level 3. HP: 27/28 MP: 4/4
   953 | D:2      | Found a faded altar of an unknown god.
  1287 | D:2      | Noticed Sigmund
  1317 | D:2      | Killed Sigmund
  1318 | D:2      | Reached XP level 4. HP: 10/37 MP: 5/5
  1318 | D:2      | Gained mutation: You sometimes emit foul miasma when
                  | damaged in melee. [demonic ancestry]
  1318 | D:2      | Reached XP level 5. HP: 11/42 MP: 6/6
  1911 | D:3      | Reached XP level 6. HP: 48/48 MP: 7/7
  2503 | D:3      | Reached skill level 5 in Armour
  2956 | D:3      | Found Ytieroge's Antique Weapon Shop.
  3320 | D:4      | Noticed Grinder
  3324 | D:4      | Found a snail-covered altar of Cheibriados.
  3438 | D:4      | Noticed Pikel
  3543 | D:5      | Entered Level 5 of the Dungeon
  3628 | D:5      | Noticed Eustachio
  3668 | D:5      | Killed Eustachio
  3758 | D:5      | Reached XP level 7. HP: 43/55 MP: 8/8
  3859 | D:5      | Reached skill level 5 in Fighting
  3877 | D:5      | Found a glowing drain.
  3908 | Sewer    | Entered a sewer
  4012 | Sewer    | Noticed Pargi
  4040 | Sewer    | Killed Pargi
  4139 | D:5      | Noticed Ijyb
  4147 | D:5      | Killed Ijyb
  4270 | D:5      | Reached skill level 6 in Armour
  4330 | D:5      | Noticed Prince Ribbit
  4352 | D:5      | Killed Prince Ribbit
  4353 | D:5      | Reached skill level 5 in Dodging
  4353 | D:5      | Reached XP level 8. HP: 39/64 MP: 9/9
  4492 | D:5      | Found a runed translucent door.
  4961 | D:5      | Noticed pener's ghost (novice DgAE)
  5030 | D:4      | Paralysed by Grinder for 5 turns
  5044 | D:4      | Paralysed by Grinder for 2 turns
  5048 | D:4      | Paralysed by Grinder for 2 turns
  5049 | D:4      | Slain by Grinder

Illustrated notes

Levels and vault maps discovered:
D:1:      wander_arrival_peaceful_grave, layout_loops_cross
D:2:      layout_basic, basic_ecumenical_altar, serial_glass, glass_columns_a,
          glass_columns_a, glass_columns_b, item_on_display_a,
          item_on_display_a, due_unseen_surprise, grunt_decor_fettered,
          uniq_sigmund
D:3:      layout_loops_corners, zin_treasury, serial_undead, serial_undead_c,
          serial_undead_e, serial_undead_b, serial_undead_a, serial_shops,
          nicolae_shop_trees, minmay_hedge_maze
D:4:      layout_basic, lemuel_round_altar, temple_doors_e, uniq_grinder,
          uniq_pikel
D:5:      layout_loops_cross, cheibrodos_sewer_entry_drain,
          ebering_ghost_reflecting_pool, uniq_ijyb, uniq_eustachio,
          uniq_prince_ribbit1

Skill      XL: |  1  2  3  4  5  6  7 |
---------------+----------------------+-----
Armour         | 4 5 6 |  6.3
Dodging        | 3 4 5 |  5.1
Fighting       | 3 4 5 |  5.9
Spellcasting   | |  1.0
Poison Magic   | |  2.0

Action                     |  1- 3 |  4- 6 |  7- 9 || total
---------------------------+-------+-------+-------++-------
  Melee: Club              |   160 |       |       ||   160
         Dagger            |    50 |   193 |   126 ||   369
         Punch             |       |     5 |     1 ||     6
         Mace              |       |       |    28 ||    28
  Evoke: Wand              |       |       |     2 ||     2
    Use: Potion            |     1 |       |       ||     1
         Scroll            |       |     8 |     3 ||    11
 Armour: Chain mail        |   146 |   143 |    91 ||   380
  Dodge: Dodged            |    88 |    88 |   101 ||   277

Table legend: (Time is in decaauts)
 A = Elapsed time spent in this place.
 B = Non-inter-level travel time spent in this place.
 C = Inter-level travel time spent in this place.
 D = Time resting spent in this place.
 E = Time spent auto-exploring this place.
 F = Levels seen in this place.
 G = Mean time per level.
                   A        B        C        D        E       F      G
               +--------+--------+--------+--------+--------+-----+--------+
         Total |   5164 |   4928 |    236 |   1169 |   2508 |   6 |  860.7 |
       Dungeon |   4883 |   4647 |    236 |   1149 |   2349 |   5 |  976.6 |
         Sewer |    280 |    280 |      0 |     20 |    158 |   1 |  280.0 |
               +--------+--------+--------+--------+--------+-----+--------+

Top non-repeatable levels by time:
     D:3: 1696 daAuts
     D:5: 1236 daAuts
     D:2: 945 daAuts
     D:1: 785 daAuts
   Sewer: 280 daAuts
     D:4: 219 daAuts
